 Seeded DCSS version 0.30-a0-711-gf4ac18a38d (webtiles) character file.

Game seed: 8031694630314764489 (custom seed)

59 purpskrrrp the Shooter (level 3, -3/20 HPs)
             Began as a Deep Elf Hunter on Jan 22, 2023.
             Slain by an adder (4 damage)
             ... on level 2 of the Dungeon.
             The game lasted 00:01:56 (982 turns).

purpskrrrp the Shooter (Deep Elf Hunter)             Turns: 982, Time: 00:01:57

Health: -3/20      AC:  3    Str:  8    XL:     3   Next: 78%
Magic:  7/7        EV: 13    Int: 13    God:
Gold:   145        SH:  0    Dex: 20    Spells: 5/5 levels left

rFire   . . .      SeeInvis .    e - +0 arbalest
rCold   . . .      Faith    .    (shield currently unavailable)
rNeg    . . .      Spirit   .    c - +0 leather armour
rPois   .          Reflect  .    (no helmet)
rElec   .          Harm     .    (no cloak)
rCorr   .          Rampage  .    (no gloves)
Will    .....                    (no boots)
Stlth   ++                       (no amulet)
HPRegen 0.23/turn                (no ring)
MPRegen 0.10/turn                (no ring)

@: lethally poisoned (-3 -> -10)
A: no striking features
a: no special abilities


You were on level 2 of the Dungeon.
You visited 1 branch of the dungeon, and saw 2 of its levels.

You collected 145 gold pieces.

Inventory:

Hand Weapons
 a - a +0 shortbow
 e - a +0 arbalest (weapon)
Armour
 c - a +0 leather armour (worn)
Jewellery
 i - a ring of wizardry
Scrolls
 b - a scroll of immolation
 d - a scroll of blinking {unknown}
 g - a scroll of fear {unknown}
 h - a scroll of torment {unknown}
Potions
 j - a potion of flight {unknown}


   Skills:
 - Level 1.5 Fighting
 * Level 6.1 Ranged Weapons
 + Level 3.1 Dodging
 + Level 2.4 Stealth
 + Level 1.8 Spellcasting


You had 5 spell levels left.
You didn't know any spells.
Your spell library was empty.

Dungeon Overview and Level Annotations

Branches:
Dungeon (2/15)

Altars:

Shops:
D:1 !


Message History

You shoot a bolt. The bolt closely misses the adder.
You feel sick. The adder bites you. x2
You are more poisoned.
The adder poisons you!
You shoot a bolt. The bolt completely misses the adder.
You feel very sick. The adder bites you but does no damage.
The adder bites you.
You are lethally poisoned!
The adder poisons you!
You are too injured to fight recklessly!
You are too injured to fight recklessly!
You are too injured to fight recklessly!
You are too injured to fight recklessly!
You are too injured to fight recklessly!
You are too injured to fight recklessly!
You are too injured to fight recklessly!
You are too injured to fight recklessly!
You are too injured to fight recklessly!
You are too injured to fight recklessly!
You are too injured to fight recklessly!
You are too injured to fight recklessly!
You are too injured to fight recklessly!
You are too injured to fight recklessly!
You are too injured to fight recklessly!
You are too injured to fight recklessly!
Okay, then.
Fire: e) +0 arbalest
Press: ? - help, Shift-Dir - straight line, f/p - adder
Aim: an adder (almost dead, 42% to hit)
You shoot a bolt. The bolt barely misses the adder.
* * * LOW HITPOINT WARNING * * *
You feel very sick. The adder closely misses you. The adder bites you.
* * * LOW HITPOINT WARNING * * *
It was a potion of magic.
Magic courses through your body.
* * * LOW HITPOINT WARNING * * *
You feel sick. The adder bites you.
* * * LOW HITPOINT WARNING * * *
The adder bites you.
You die...

. #.. #.. ># .# #.
#.###.. ..#
.###.####.#...##.####
###..#.......#.#........
..÷.....................
......#.##†#..##........
....#...##....#.....<...
<...#..# #..#...........
)##....# #..###†@.......
.....#.# #....##†S......
#.##.#.###....##........
##.#..........###....###
#.##.##.###...#........
##.#.#..# #####....†....
........## #......#..
....###..## #....#.#..
....# ##..### #....#...


You could see an adder.

Vanquished Creatures
  2 adders (D:2)
  2 worms (D:2)
  4 bats
  2 endoplasms
  4 giant cockroaches (D:1)
  4 goblins
  A hobgoblin (D:1)
  A quokka (D:2)
  5 ball pythons
  4 frilled lizards
  2 kobolds (D:1)
  3 rats
34 creatures vanquished.

Notes
Turn   | Place    | Note
-------+----------+-------------------------------------------
     0 | D:1      | purpskrrrp the Deep Elf Hunter began the quest for the Orb.
     0 | D:1      | Reached XP level 1. HP: 12/12 MP: 3/3
   140 | D:1      | Reached XP level 2. HP: 16/16 MP: 5/5
   176 | D:1      | Reached skill level 1 in Spellcasting
   202 | D:1      | Found Zyrchid's Distillery.
   596 | D:2      | Reached XP level 3. HP: 8/20 MP: 5/7
   843 | D:2      | Reached skill level 6 in Ranged Weapons
   982 | D:2      | HP: 1/20 [adder (1)]
   982 | D:2      | Slain by an adder

Illustrated notes

Levels and vault maps discovered:
D:1:      dpeg_arrival_triangle_fractal, layout_basic, serial_shops, shop
D:2:      layout_rooms, minmay_misc_feat_tiny

Skill      XL: |  1  2  3 |
---------------+----------+-----
Spellcasting   | 1 |  1.8
Stealth        | 2 |  2.4
Ranged Weapons | 6 |  6.1
Dodging        | 3 |  3.1
Fighting       | |  1.5

Action                     || total
---------------------------++-------
   Fire: Shortbow          ||    62
         Arbalest          ||    26
    Use: Potion            ||     2
 Armour: Leather armour    ||     9
         Skin              ||     3
  Dodge: Dodged            ||    30

Table legend: (Time is in decaauts)
 A = Elapsed time spent in this place.
 B = Non-inter-level travel time spent in this place.
 C = Inter-level travel time spent in this place.
 D = Time resting spent in this place.
 E = Time spent auto-exploring this place.
 F = Levels seen in this place.
 G = Mean time per level.
                   A        B        C        D        E       F      G
               +--------+--------+--------+--------+--------+-----+--------+
         Total |   1014 |    988 |     26 |    191 |    631 |   2 |  507.0 |
       Dungeon |   1014 |    988 |     26 |    191 |    631 |   2 |  507.0 |
               +--------+--------+--------+--------+--------+-----+--------+

Top non-repeatable levels by time:
     D:1: 597 daAuts
     D:2: 417 daAuts
